 Dungeon Crawl Stone Soup version 0.25.1-2-g60ff931df9 (webtiles) character file.

Game seed: 2337554519681078198

234 gruber the Insei (level 5, -1/40 HPs)
             Began as a Draconian Transmuter on Oct 4, 2020.
             Slain by Crazy Yiuf
             ... wielding a +4 quarterstaff of chaos
              (12 damage)
             ... on level 4 of the Dungeon.
             The game lasted 00:03:17 (5525 turns).

gruber the Insei (Draconian Transmuter)             Turns: 5525, Time: 00:03:17

Health: -1/40      AC:  2    Str: 12    XL:     5   Next: 75%
Magic:  9/17       EV: 19    Int: 14    God:
Gold:   235        SH:  0    Dex: 17    Spells: 2/8 levels left

rFire    . . .     SeeInvis .     - Unarmed
rCold    + . .     Gourm    .   (shield currently unavailable)
rNeg     . . .     Faith    .   (armour unavailable)
rPois    x         Spirit   .   (helmet currently unavailable)
rElec    .         Reflect  .   (cloak currently unavailable)
rCorr    .         Harm     .   (gloves currently unavailable)
MR       .....                  (boots currently unavailable)
Stlth    ++........             (no amulet)
HPRegen  0.13/turn              i - ring of magical power
MPRegen  0.15/turn              k - ring of protection from cold

@: lethally poisoned (-1 -> -13), spider-form, very slightly contaminated,
slowed, very slow
A: tiny, unfitting armour, AC +5
a: End Transformation


You were on level 4 of the Dungeon.
You were not hungry.
You were a venomous arachnid creature.
You visited 1 branch of the dungeon, and saw 4 of its levels.

You collected 235 gold pieces.

Inventory:

Hand Weapons
 d - a +0 dagger of venom (melded)
Missiles
 a - 33 arrows
Jewellery
 i - a ring of magical power (left front leg)
 k - a ring of protection from cold (right front leg)
Wands
 o - a wand of paralysis (7)
 t - a wand of flame (10)
Scrolls
 b - 2 scrolls of magic mapping {unknown}
 e - 3 scrolls of identify {unknown}
 g - a scroll of fear {unknown}
 h - a scroll of blinking {unknown}
 j - a scroll of fog {unknown}
 m - 3 scrolls of teleportation {unknown}
 n - a scroll of enchant armour {unknown}
 q - 2 scrolls of remove curse {unknown}
 v - a scroll of noise {unknown}
Potions
 f - a potion of stabbing {unknown}
 l - 2 potions of might {unknown}
 p - a potion of lignification {unknown}
 r - a potion of cancellation {unknown}
 s - a potion of haste {unknown}
 u - a potion of curing {unknown}
 w - a potion of heal wounds {unknown}
Comestibles
 c - 7 rations


   Skills:
 - Level 1.1 Fighting
 - Level 1.0 Short Blades
 - Level 1.7 Dodging
 - Level 5.0 Unarmed Combat
 - Level 2.0 Spellcasting
 + Level 3.7 Transmutations
 - Level 2.0 Poison Magic


You had 2 spell levels left.
You knew the following spells:

 Your Spells              Type           Power        Failure   Level  Hunger
a - Beastly Appendage     Tmut           ##....       16%         1    ##.....
b - Sticks to Snakes      Tmut           ##......     21%         2    ###....
c - Spider Form           Tmut/Pois      #.........   43%         3    ####...

Your spell library contained the following spells:

 Spells                   Type           Power        Failure   Level  Hunger
 Ice Form                 Ice/Tmut       #.......     88%         4    #####..
 Blade Hands              Tmut           ##........   93%         5    ######.


Dungeon Overview and Level Annotations

Branches:
Dungeon (4/15)
 Temple: D:4-7

Altars:
Ashenzari
Dithmenos
Fedhas
Makhleb
Ru
Yredelemnul

Annotations:
D:4 Crazy Yiuf


Innate Abilities, Weirdness & Mutations

((Your plain brown scales are hard. (AC +5)))
You cannot fit into any form of body armour.
((You are cold-blooded and may be slowed by cold attacks.))


Message History

Confirm with . or Enter, or press ? or * to list all spells.
The spell is quite dangerous to cast (22% risk of failure)!
Continue anyway?
You turn into a venomous arachnid creature.
Your +0 dagger of venom melds into your body.
Your +0 dagger of venom stops dripping with poison.
Unknown command.
Unknown command.
You open the door. You barely miss Crazy Yiuf.
Crazy Yiuf hits you with a +4 quarterstaff of chaos!
You feel yourself slow down.
You barely miss Crazy Yiuf.
Crazy Yiuf hits you with a +4 quarterstaff of chaos.
You are lethally poisoned!
You hit Crazy Yiuf.
Crazy Yiuf is poisoned.
Crazy Yiuf is moderately wounded.
* * * LOW HITPOINT WARNING * * *
You feel sick. Crazy Yiuf misses you.
Crazy Yiuf hits you with a +4 quarterstaff of chaos!
You die...

#....####.###....#
#....# #..# #.####
♣PP..♣ #..###.#
♣♣PP.♣ #......#
♣♣.♣♣ #...########
♣♣.♣ #..## #.....
♣.♣♣ ##.# #.....
♣♣.♣ #.# #.....
♣s♣♣ #.# #.....
#g# ##.# #.....
... #..# #.....
#...# #########.##
#)..# #####<###.#
##### #.........#
#####.#.####
####### ########
###.#..... ......#
#......#
#......###


You could see Crazy Yiuf (very poisoned).

Vanquished Creatures
  2 orc priests
  Ijyb (D:3)
  Robin (D:3)
  3 adders
  2 oozes (D:1)
  4 worms
  2 dart slugs
  2 leopard geckos
  5 orcs
  2 ball pythons (D:3)
  7 bats
  3 giant cockroaches
  10 goblins
  10 hobgoblins
  4 jackals (D:4)
  2 quokkas
  2 frilled lizards
  9 kobolds
  8 rats
79 creatures vanquished.

Vanquished Creatures (others)
  A dart slug (D:3)
1 creature vanquished.

Grand Total: 80 creatures vanquished

Notes
Turn   | Place    | Note
-------+----------+-------------------------------------------
     0 | D:1      | gruber the Draconian Transmuter began the quest for the
                  | Orb.
     0 | D:1      | Reached XP level 1. HP: 16/16 MP: 3/3
   254 | D:1      | Reached XP level 2. HP: 16/23 MP: 5/5
   882 | D:1      | Reached skill level 4 in Unarmed Combat
   921 | D:1      | Reached XP level 3. HP: 26/28 MP: 6/6
  1050 | D:1      | Learned a level 2 spell: Sticks to Snakes
  1054 | D:1      | Learned a level 3 spell: Spider Form
  1299 | D:2      | Reached skill level 1 in Short Blades
  1541 | D:2      | Found a shattered altar of Ashenzari.
  2114 | D:2      | Found a basalt altar of Yredelemnul.
  2385 | D:2      | Reached XP level 4. HP: 34/35 MP: 7/7
  2488 | D:2      | Found a faded altar of an unknown god.
  2488 | D:2      | Found a blossoming altar of Fedhas.
  2493 | D:2      | Found a faded altar of an unknown god.
  2495 | D:2      | Found a shadowy altar of Dithmenos.
  2496 | D:2      | Found a burning altar of Makhleb.
  3093 | D:3      | Reached skill level 5 in Unarmed Combat
  3466 | D:3      | Found a sacrificial altar of Ru.
  3487 | D:3      | Reached skill level 1 in Poison Magic
  3608 | D:3      | Noticed Ijyb
  3624 | D:3      | Killed Ijyb
  4053 | D:3      | Reached XP level 5. HP: 37/40 MP: 8/8
  4198 | D:3      | Noticed Robin
  4211 | D:3      | Killed Robin
  5197 | D:4      | Found a runed translucent door.
  5198 | D:4      | Noticed Crazy Yiuf
  5525 | D:4      | Slain by Crazy Yiuf

Illustrated notes

Levels and vault maps discovered:
D:1:      dpeg_arrival_leaves_temple_mockup, layout_rooms
D:2:      minmay_general_purpose_star, layout_basic, old_standard_altar,
          evilmike_ruin_ashenzari, chequers_temple_overflow_minitemple
D:3:      layout_basic, lemuel_doored_altar, first_ration, grunt_ministairs_2,
          uniq_ijyb, uniq_robin
D:4:      layout_loops_cross, uniq_crazy_yiuf_cottage

Skill      XL: |  1  2  3  4  5 |
---------------+----------------+-----
Unarmed Combat | 4 5 |  5.0
Short Blades   | 1 |  1.0
Poison Magic   | 1 2 |  2.0
Transmutations | 3 |  3.7
Fighting       | |  1.1
Dodging        | |  1.7
Spellcasting   | |  2.0

Action                   |  1- 3 |  4- 6 || total
-------------------------+-------+-------++-------
Melee: Unarmed           |    28 |     9 ||    37
       Headbutt          |     1 |     2 ||     3
       Kick              |     1 |       ||     1
       Dagger            |   110 |   136 ||   246
       Tailslap          |    16 |    14 ||    30
       Punch             |     2 |     1 ||     3
 Cast: Beastly Appendage |     2 |     1 ||     3
       Spider Form       |       |     2 ||     2
 Stab: Sleeping          |       |     1 ||     1
  Eat: Chunk             |     4 |     9 ||    13
       Ration            |       |     1 ||     1
Armor: Skin              |    30 |    37 ||    67
Dodge: Dodged            |    80 |    89 ||   169
